[Event "11th LCC Super Blitz 2019"]
[Site "London"]
[Date "2019.12.08"]
[Round "8.13"]
[White "Pham, Catherine"]
[Black "Caceres De La Calle, Eduardo"]
[Result "0-1"]
[ECO "C88"]
[WhiteElo "1280"]
[BlackElo "1575"]
[Annotator "NA"]
[PlyCount "66"]
[EventDate "2019.12.08"]
[EventType "swiss"]
[EventCountry "ENG"]
[SourceTitle "playchess.com"]
[Source "ChessBase"]
[SourceQuality "1"]
[TimeControl "180+2"]

1. e4 e5 2. Nf3 Nc6 3. Bb5 a6 4. Ba4 Nf6 5. O-O Be7 6. Re1 d6 7. d3 b5 8. Bb3 Na5 9. Be3 O-O 10. Qd2 Nxb3 11. axb3 c5 12. b4 c4 13. dxc4 bxc4 14. c3 Nxe4 15. Qd3 cxd3 16. Rd1 f5 17. Rxd3 f4 18. Bc1 Bg4 19. Nbd2 Nxd2 20. Nxd2 d5 21. f3 Qb6+ 22. Kh1 Rad8 23. fxg4 e4 24. Rd4 Bf6 25. Nb3 Bxd4 26. Nxd4 f3 27. gxf3 Rxf3 28. Kg2 Rdf8 29. Bg5 Rf2+ 30. Kg1 Rxb2 31. Rc1 Rff2 32. h4 Qd6 33. Be3 Qh2# 0-1

[Event "11th LCC Super Blitz 2019"]
[Site "London"]
[Date "2019.12.08"]
[Round "8.13"]
[White "Ball, Charlie J"]
[Black "Ignatovic, Ernest"]
[Result "0-1"]
[ECO "B07"]
[WhiteElo "1249"]
[BlackElo "1703"]
[Annotator "NA"]
[PlyCount "88"]
[EventDate "2019.12.08"]
[EventType "swiss"]
[EventCountry "ENG"]
[SourceTitle "playchess.com"]
[Source "ChessBase"]
[SourceQuality "1"]
[TimeControl "180+2"]

1. d4 Nf6 2. Bf4 d6 3. Nc3 g6 4. e4 Bg7 5. Qd2 a5 6. a4 Bd7 7. Be2 c6 8. h4 h5 9. Nf3 Na6 10. Ng5 Nc7 11. e5 dxe5 12. dxe5 Nfd5 13. Nxd5 Nxd5 14. Bh2 Bf5 15. O-O-O O-O 16. Bd3 Bxd3 17. Qxd3 Nb4 18. Qb3 Qb6 19. e6 Rad8 20. exf7+ Kh8 21. Rxd8 Rxd8 22. f8=Q+ Rxf8 23. Nf7+ Rxf7 24. Qxf7 Nd5 25. c3 Qb3 26. Qe8+ Kh7 27. Qb8 Bh6+ 28. Bf4 Bxf4+ 29. Qxf4 Nxf4 30. Re1 Nd3+ 31. Kd2 Nxe1 32. Kxe1 Qxb2 33. c4 Qc3+ 34. Ke2 Qxc4+ 35. Kf3 Qxa4 36. Kg3 Qe4 37. f4 Qe3+ 38. Kh2 Qxf4+ 39. Kg1 a4 40. g3 Qxg3+ 41. Kf1 Qh2 42. Ke1 a3 43. Kd1 a2 44. Kc1 a1=Q# 0-1

[Event "11th LCC Super Blitz 2019"]
[Site "London"]
[Date "2019.12.08"]
[Round "8.14"]
[White "Muhunthan, Charukgan"]
[Black "Essis, Essoh Jean Mathieu C"]
[Result "1-0"]
[ECO "C70"]
[WhiteElo "1401"]
[BlackElo "1438"]
[Annotator "NA"]
[PlyCount "57"]
[EventDate "2019.12.08"]
[EventType "swiss"]
[EventCountry "ENG"]
[SourceTitle "playchess.com"]
[Source "ChessBase"]
[SourceQuality "1"]
[TimeControl "180+2"]

1. e4 e5 2. Nf3 Nc6 3. Bb5 a6 4. Ba4 b5 5. Bb3 h6 6. c3 d6 7. h3 Bb7 8. Qe2 Nf6 9. O-O Nd7 10. Rd1 Nc5 11. Bc2 Be7 12. d4 exd4 13. cxd4 Ne6 14. d5 Nb4 15. dxe6 Nxc2 16. exf7+ Kxf7 17. Qxc2 Qf8 18. Nbd2 Bf6 19. Qxc7+ Qe7 20. Qxe7+ Kxe7 21. Re1 Kf7 22. Rb1 Rac8 23. Nb3 Rc2 24. Nbd4 Bxd4 25. Nxd4 Rc4 26. Nf5 Bxe4 27. Rxe4 Kf6 28. Rxc4 bxc4 29. Nxd6 1-0

[Event "11th LCC Super Blitz 2019"]
[Site "London"]
[Date "2019.12.08"]
[Round "9.1"]
[White "Ratnesan, Ranesh"]
[Black "Pert, Nicholas"]
[Result "0-1"]
[ECO "D73"]
[WhiteElo "2213"]
[BlackElo "2560"]
[Annotator "ChessBase"]
[PlyCount "60"]
[EventDate "2019.12.08"]
[EventType "swiss"]
[EventCountry "ENG"]
[SourceTitle "playchess.com"]
[Source "ChessBase"]
[SourceQuality "1"]
[TimeControl "180+2"]

1. Nf3 d5 2. g3 g6 3. Bg2 Bg7 4. d4 c6 5. O-O Nf6 6. c4 dxc4 7. Ne5 Ng4 8. f4 O-O 9. Nc3 Nxe5 10. fxe5 c5 11. dxc5 Qxd1 12. Rxd1 Bxe5 13. Bf4 Bxf4 14. gxf4 Nc6 15. e4 Bg4 16. Rd2 Rad8 17. Rxd8 Rxd8 18. Nd5 Kg7 19. Ne3 Be2 20. Kf2 Rd2 21. Kg3 Rxb2 22. Rc1 Rxa2 23. Nxc4 Bxc4 24. Rxc4 e5 25. fxe5 a5 26. Rc3 a4 27. Bf1 Nxe5 28. Kf4 Kf6 29. Bb5 Rxh2 30. Bxa4 Rg2 {[%emt 0:00:15] Kxe5+ Kxe5} 0-1

[Event "11th LCC Super Blitz 2019"]
[Site "London"]
[Date "2019.12.08"]
[Round "9.1"]
[White "Watson, Mikey J"]
[Black "Howell, David Wl"]
[Result "0-1"]
[ECO "B01"]
[WhiteElo "1748"]
[BlackElo "2650"]
[Annotator "ChessBase"]
[PlyCount "102"]
[EventDate "2019.12.08"]
[EventType "swiss"]
[EventCountry "ENG"]
[SourceTitle "playchess.com"]
[Source "ChessBase"]
[SourceQuality "1"]
[TimeControl "180+2"]

1. e4 d5 2. exd5 Qxd5 3. Nf3 Nf6 4. Nc3 Qd6 5. Be2 a6 6. O-O b5 7. d4 Bb7 8. Ne5 e6 9. Bf3 c6 10. Bf4 Qd8 11. Re1 Be7 12. Qd2 O-O 13. Rad1 Qc8 14. Ne4 Nxe4 15. Bxe4 Nd7 16. Nxd7 Qxd7 17. Re3 Bf6 18. Rh3 g6 19. Be5 Bxe5 20. dxe5 Qe7 21. Qh6 f5 22. exf6 Rxf6 23. Qe3 Raf8 24. Rf3 Kg7 25. g3 R8f7 26. Re1 Rxf3 27. Bxf3 Qf6 28. Bg2 Qxb2 29. Qxe6 Qf6 30. f4 c5 31. Bxb7 Rxb7 32. Qe5 c4 33. Kf2 Rd7 34. Qxf6+ Kxf6 35. Ke3 Kf5 36. c3 Rd3+ 37. Kf2 Rxc3 38. Re5+ Kf6 39. Rc5 Rc2+ 40. Kf3 Rxa2 41. Kg4 h5+ 42. Kh3 Rb2 43. Rc6+ Kf5 44. Rxa6 c3 45. Rc6 b4 46. Rc5+ Ke4 47. Kh4 Rxh2+ 48. Kg5 c2 49. Kxg6 b3 50. Rc4+ Kd3 51. Rc7 b2 0-1

[Event "11th LCC Super Blitz 2019"]
[Site "London"]
[Date "2019.12.08"]
[Round "9.2"]
[White "Grover, Sahaj"]
[Black "Zulfic, Fedja"]
[Result "1-0"]
[ECO "B75"]
[WhiteElo "2486"]
[BlackElo "2032"]
[Annotator "ChessBase"]
[PlyCount "77"]
[EventDate "2019.12.08"]
[EventType "swiss"]
[EventCountry "ENG"]
[SourceTitle "playchess.com"]
[Source "ChessBase"]
[SourceQuality "1"]
[TimeControl "180+2"]

1. e4 c5 2. Nf3 Nc6 3. Nc3 g6 4. d4 cxd4 5. Nxd4 Bg7 6. Be3 Nf6 7. Bc4 d6 8. f3 Bd7 9. Qd2 Rc8 10. Bb3 h5 11. O-O-O Ne5 12. Kb1 Nc4 13. Bxc4 Rxc4 14. b3 Rc8 15. Nd5 a5 16. Bg5 O-O 17. Nxf6+ exf6 18. Bh6 a4 19. Bxg7 Kxg7 20. Qb4 axb3 21. axb3 Bc6 22. Ne2 Ra8 23. Rxd6 Qe7 24. Qd4 Ra6 25. Nc3 Rfa8 26. Kb2 Be8 27. Rd1 b5 28. Rxa6 Rxa6 29. Ra1 Rd6 30. Nd5 Qd8 31. Qc5 Bc6 32. Nb4 Bb7 33. Ra7 Bc8 34. Qc7 Be6 35. Qxd8 Rxd8 36. Nd3 f5 37. e5 h4 38. Nf4 h3 39. Nxe6+ 1-0

[Event "11th LCC Super Blitz 2019"]
[Site "London"]
[Date "2019.12.08"]
[Round "9.2"]
[White "Willow, Jonah B"]
[Black "Klingher, Dominic"]
[Result "1-0"]
[ECO "C11"]
[WhiteElo "2355"]
[BlackElo "2071"]
[Annotator "NA"]
[PlyCount "76"]
[EventDate "2019.12.08"]
[EventType "swiss"]
[EventCountry "ENG"]
[SourceTitle "playchess.com"]
[Source "ChessBase"]
[SourceQuality "1"]
[TimeControl "180+2"]

1. e4 e6 2. d4 d5 3. Nd2 Nf6 4. e5 Nfd7 5. c3 c5 6. f4 Nc6 7. Ndf3 Be7 8. Ne2 a5 9. g3 a4 10. Bg2 a3 11. b3 cxd4 12. cxd4 f6 13. O-O O-O 14. Be3 Qb6 15. Bf2 Bb4 16. Rc1 f5 17. Nc3 Qa5 18. Na4 b5 19. Nc5 Nxc5 20. dxc5 Bc3 21. Nd4 Bd7 22. Ne2 Bb2 23. Rc2 Qc7 24. Qd2 Qa7 25. Nd4 Qc7 26. Nxb5 Qb8 27. Nd4 Nb4 28. c6 Nxc2 29. Qxc2 Rc8 30. Nxf5 Be8 31. Ne7+ Kh8 32. Nxc8 Qxc8 33. f5 Bxc6 34. f6 gxf6 35. exf6 Bxf6 36. Be3 Bg7 37. Qf2 Qd7 38. Bd4 e5 1-0

[Event "11th LCC Super Blitz 2019"]
[Site "London"]
[Date "2019.12.08"]
[Round "9.2"]
[White "Bukojemski, Adam"]
[Black "Maze, Sebastien"]
[Result "0-1"]
[ECO "B50"]
[WhiteElo "2219"]
[BlackElo "2549"]
[Annotator "ChessBase"]
[PlyCount "84"]
[EventDate "2019.12.08"]
[EventType "swiss"]
[EventCountry "ENG"]
[SourceTitle "playchess.com"]
[Source "ChessBase"]
[SourceQuality "1"]
[TimeControl "180+2"]

1. e4 c5 2. Nf3 Nc6 3. b3 d6 4. Bb2 e5 5. c4 Bg4 6. h3 Bxf3 7. Qxf3 Nge7 8. g3 h5 9. h4 g6 10. Bh3 Bh6 11. Nc3 Nd4 12. Qd3 O-O 13. Ne2 Nec6 14. Nxd4 cxd4 15. a3 a5 16. O-O Rb8 17. Rae1 Bg7 18. a4 Nb4 19. Qb1 Bh6 20. d3 Bd2 21. Rd1 Bh6 22. Ba3 Qb6 23. Bxb4 Qxb4 24. Qc2 Ra8 25. f4 Qc3 26. Qxc3 dxc3 27. Rc1 exf4 28. gxf4 Bg7 29. f5 Bd4+ 30. Kg2 Kg7 31. Kf3 Ra6 32. Rc2 Rb6 33. Rb1 Rb4 34. Rg2 Kf6 35. Ke2 c2 36. Rc1 Rxb3 37. Rxc2 Ra3 38. Rc1 Rxa4 39. Rb1 Ra2+ 40. Kf3 Rxg2 41. Kxg2 a4 42. c5 a3 0-1

[Event "11th LCC Super Blitz 2019"]
[Site "London"]
[Date "2019.12.08"]
[Round "9.3"]
[White "Rowson, Jonathan"]
[Black "Wallace, John Paul"]
[Result "0-1"]
[ECO "E85"]
[WhiteElo "2561"]
[BlackElo "2344"]
[Annotator "ChessBase"]
[PlyCount "52"]
[EventDate "2019.12.08"]
[EventType "swiss"]
[EventCountry "ENG"]
[SourceTitle "playchess.com"]
[Source "ChessBase"]
[SourceQuality "1"]
[TimeControl "180+2"]

1. d4 Nf6 2. c4 g6 3. Nc3 Bg7 4. e4 d6 5. f3 O-O 6. Be3 e5 7. Nge2 a6 8. Qd2 Nbd7 9. d5 Nh5 10. g4 Nf4 11. Nxf4 exf4 12. Bxf4 h5 13. gxh5 Qh4+ 14. Bg3 Qxh5 15. Be2 Ne5 16. Qe3 f5 17. Rg1 b5 18. f4 Ng4 19. Bxg4 Qxg4 20. Bf2 Qh5 21. Rg5 Qh7 22. O-O-O b4 23. Ne2 fxe4 24. Rdg1 Bf5 25. Ng3 Bf6 26. Rxf5 gxf5 0-1

[Event "11th LCC Super Blitz 2019"]
[Site "London"]
[Date "2019.12.08"]
[Round "9.3"]
[White "Aravindh, Chithambaram Vr"]
[Black "Toh, Q Kane"]
[Result "1-0"]
[ECO "E91"]
[WhiteElo "2560"]
[BlackElo "1606"]
[Annotator "ChessBase"]
[PlyCount "43"]
[EventDate "2019.12.08"]
[EventType "swiss"]
[EventCountry "ENG"]
[SourceTitle "playchess.com"]
[Source "ChessBase"]
[SourceQuality "1"]
[TimeControl "180+2"]

1. d4 Nf6 2. Nf3 g6 3. c4 Bg7 4. Nc3 d6 5. e4 O-O 6. Be2 c5 7. d5 e6 8. O-O exd5 9. exd5 Re8 10. Bf4 Ne4 11. Nxe4 Rxe4 12. Bg5 Qc7 13. Bd3 Re8 14. Re1 Bd7 15. Nd2 f6 16. Bf4 Na6 17. Ne4 Nb4 18. Bxd6 Qa5 19. Nxc5 Rxe1+ 20. Qxe1 Re8 21. Qd2 Bc8 22. Nb3 1-0

[Event "11th LCC Super Blitz 2019"]
[Site "London"]
[Date "2019.12.08"]
[Round "9.4"]
[White "Arkell, Keith C"]
[Black "Rishi, Thariani"]
[Result "1-0"]
[ECO "A84"]
[WhiteElo "2453"]
[BlackElo "2008"]
[Annotator "ChessBase"]
[PlyCount "77"]
[EventDate "2019.12.08"]
[EventType "swiss"]
[EventCountry "ENG"]
[SourceTitle "playchess.com"]
[Source "ChessBase"]
[SourceQuality "1"]
[TimeControl "180+2"]

1. d4 d5 2. Nf3 c6 3. c4 e6 4. cxd5 exd5 5. Nc3 f5 6. Bg5 Nf6 7. Ne5 Bd6 8. f4 O-O 9. e3 Nbd7 10. Bd3 Nb6 11. O-O Qe8 12. Rc1 Ne4 13. Nxe4 fxe4 14. Be2 Be6 15. Bh5 Qc8 16. Qd2 Nd7 17. Qf2 Nf6 18. Be2 Bxe5 19. fxe5 Ng4 20. Qg3 Rxf1+ 21. Rxf1 h6 22. Be7 Qd7 23. Bd6 h5 24. h3 Nh6 25. Bxh5 Kh8 26. Bg6 b6 27. b4 a5 28. a3 axb4 29. axb4 Ra2 30. Rf8+ Bg8 31. Qh4 Qe6 32. Bf5 Ra1+ 33. Kh2 g5 34. Qxg5 Nxf5 35. Rxf5 Ra8 36. Rf6 Qd7 37. Rh6+ Bh7 38. Be7 Rg8 39. Bf6+ 1-0

[Event "11th LCC Super Blitz 2019"]
[Site "London"]
[Date "2019.12.08"]
[Round "9.4"]
[White "Tanmay Chopra"]
[Black "Stepanyan, Henrik"]
[Result "1-0"]
[ECO "D40"]
[WhiteElo "2100"]
[BlackElo "2193"]
[Annotator "NA"]
[PlyCount "81"]
[EventDate "2019.12.08"]
[EventType "swiss"]
[EventCountry "ENG"]
[SourceTitle "playchess.com"]
[Source "ChessBase"]
[SourceQuality "1"]
[TimeControl "180+2"]

1. d4 d5 2. c4 e6 3. Nc3 c5 4. e3 Nc6 5. Nf3 Nf6 6. a3 a6 7. dxc5 Bxc5 8. b4 Be7 9. cxd5 exd5 10. Bb2 O-O 11. Be2 Be6 12. Nd4 Nxd4 13. Qxd4 Ne8 14. Rd1 Bf6 15. Qd2 Nc7 16. Bf3 Rc8 17. O-O Bxc3 18. Qxc3 Qg5 19. h4 Qh6 20. Qe5 Rfd8 21. Rd2 Nb5 22. Rfd1 Nd6 23. Bxd5 Nc4 24. Bxc4 Rxd2 25. Rxd2 Bxc4 26. Qc7 Re8 27. Qxc4 Qg6 28. Qd4 f6 29. h5 Qb1+ 30. Kh2 b5 31. Qd7 Rf8 32. Qd3 Qa2 33. h6 Qf7 34. hxg7 Qh5+ 35. Kg1 Kxg7 36. Qd5 Qg6 37. Qf3 Qb1+ 38. Kh2 Rf7 39. Qg3+ Kf8 40. Rd8+ Ke7 41. Qd6# 1-0

[Event "11th LCC Super Blitz 2019"]
[Site "London"]
[Date "2019.12.08"]
[Round "9.4"]
[White "Onslow, Teddy"]
[Black "Beinoras, Mindaugas"]
[Result "0-1"]
[ECO "D00"]
[WhiteElo "1647"]
[BlackElo "2401"]
[Annotator "NA"]
[PlyCount "58"]
[EventDate "2019.12.08"]
[EventType "swiss"]
[EventCountry "ENG"]
[SourceTitle "playchess.com"]
[Source "ChessBase"]
[SourceQuality "1"]
[TimeControl "180+2"]

1. d4 d5 2. Bf4 e6 3. e3 Bd6 4. Bxd6 cxd6 5. Nf3 Qb6 6. Nbd2 Qxb2 7. Rb1 Qc3 8. Bb5+ Nc6 9. O-O Nf6 10. Rb3 Qa5 11. c4 O-O 12. Bxc6 bxc6 13. Qc2 Ba6 14. Rfb1 Rac8 15. c5 dxc5 16. dxc5 Nd7 17. Rc3 h6 18. Nd4 Rfe8 19. h3 g6 20. a4 e5 21. N4f3 e4 22. Nd4 Bd3 23. Rxd3 exd3 24. Qxd3 Nxc5 25. Qc2 Ne6 26. N2b3 Qxa4 27. Nxe6 Rxe6 28. Ra1 Qc4 29. Qb2 Rb8 0-1

[Event "11th LCC Super Blitz 2019"]
[Site "London"]
[Date "2019.12.08"]
[Round "9.5"]
[White "Van Zyl-Rudd, Jack"]
[Black "Petrov, Vladimir Sergeev"]
[Result "0-1"]
[ECO "E32"]
[WhiteElo "2290"]
[BlackElo "2355"]
[Annotator "NA"]
[PlyCount "86"]
[EventDate "2019.12.08"]
[EventType "swiss"]
[EventCountry "ENG"]
[SourceTitle "playchess.com"]
[Source "ChessBase"]
[SourceQuality "1"]
[TimeControl "180+2"]

1. d4 Nf6 2. c4 e6 3. Nc3 Bb4 4. Qc2 O-O 5. e4 d5 6. e5 Ne4 7. Bd3 c5 8. Nf3 cxd4 9. Nxd4 Nc6 10. Nxc6 bxc6 11. Bxe4 dxe4 12. a3 Qa5 13. Bd2 Rb8 14. O-O Be7 15. Nd5 Qd8 16. Nxe7+ Qxe7 17. Bc3 c5 18. Qxe4 Bb7 19. Qe2 Ba8 20. Rad1 Rbd8 21. Ba5 Rd4 22. Rxd4 cxd4 23. Bb4 Qb7 24. f3 Rd8 25. Rd1 Qb6 26. Bd6 d3+ 27. Qf2 Qb3 28. Qd2 Qxc4 29. Qxd3 Qh4 30. b4 Rc8 31. Qd4 Qg5 32. Qd2 Qh4 33. Qf2 Qg5 34. h3 h5 35. Qd2 Qh4 36. Qf2 Qf4 37. Qd4 Qg5 38. Qf2 h4 39. Kh2 Rc3 40. Bc5 Bd5 41. Bd4 Rxa3 42. Bxa7 Ra2 43. Qf1 Rxa7 0-1

[Event "11th LCC Super Blitz 2019"]
[Site "London"]
[Date "2019.12.08"]
[Round "9.5"]
[White "Roberson, Peter T"]
[Black "Eames, Robert S"]
[Result "1-0"]
[ECO "C72"]
[WhiteElo "2282"]
[BlackElo "2166"]
[Annotator "NA"]
[PlyCount "63"]
[EventDate "2019.12.08"]
[EventType "swiss"]
[EventCountry "ENG"]
[SourceTitle "playchess.com"]
[Source "ChessBase"]
[SourceQuality "1"]
[TimeControl "180+2"]

1. e4 e5 2. Nf3 Nc6 3. Bb5 a6 4. Ba4 d6 5. O-O Bg4 6. h3 h5 7. Bxc6+ bxc6 8. d4 Bxf3 9. Qxf3 exd4 10. Re1 Ne7 11. Bg5 f6 12. Bd2 Qd7 13. c3 dxc3 14. Nxc3 Ng6 15. Rad1 Be7 16. b3 O-O-O 17. Na4 Ne5 18. Qe2 Kb7 19. Ba5 Qc8 20. f4 Nd7 21. Rd4 c5 22. Rd2 g5 23. b4 cxb4 24. Rb1 c5 25. a3 Qc6 26. Nc3 Rc8 27. axb4 c4 28. Nd5 Rhe8 29. Kh1 gxf4 30. b5 axb5 31. Rdb2 Ka6 32. Bc7 1-0

[Event "11th LCC Super Blitz 2019"]
[Site "London"]
[Date "2019.12.08"]
[Round "9.5"]
[White "Stamatopoulos, Apostolos"]
[Black "Orlovska, Madara"]
[Result "1-0"]
[ECO "E61"]
[WhiteElo "1782"]
[BlackElo "2072"]
[Annotator "NA"]
[PlyCount "137"]
[EventDate "2019.12.08"]
[EventType "swiss"]
[EventCountry "ENG"]
[SourceTitle "playchess.com"]
[Source "ChessBase"]
[SourceQuality "1"]
[TimeControl "180+2"]

1. d4 Nf6 2. Nf3 g6 3. c4 Bg7 4. Nc3 d6 5. h3 Nc6 6. Bf4 O-O 7. e3 Nd7 8. Be2 e5 9. Bh2 f5 10. O-O f4 11. a3 h6 12. b4 exd4 13. exd4 Ne7 14. Rc1 Nb6 15. d5 Nd7 16. Nd4 Ne5 17. Nf3 g5 18. c5 N7g6 19. Ne4 Nxf3+ 20. Bxf3 Ne5 21. Qb3 a5 22. Rfe1 a4 23. Qd1 h5 24. Bxh5 f3 25. Bxf3 Nxf3+ 26. gxf3 Bxh3 27. Qd2 Bh6 28. Qd3 Bf5 29. Qd4 Bg7 30. Qe3 g4 31. fxg4 Bxg4 32. Qg5 Qxg5 33. Nxg5 Bh6 34. f4 Rf5 35. Re6 Bxg5 36. Rg6+ Kf7 37. Rxg5 Rxg5 38. fxg5 Kg6 39. Bf4 Kf5 40. Bd2 Ke4 41. cxd6 cxd6 42. Rc7 b5 43. Rb7 Kd3 44. Bf4 Kc4 45. Bxd6 Rd8 46. Rb6 Kxd5 47. Be7 Re8 48. Rxb5+ Kc6 49. Rc5+ Kb6 50. Bf6 Re1+ 51. Kf2 Re2+ 52. Kg3 Bh5 53. Kh4 Bg6 54. Rc3 Rh2+ 55. Kg3 Rh1 56. Kf4 Rf1+ 57. Ke5 Rf5+ 58. Kd6 Rf1 59. Ke7 Rb1 60. Kf8 Rb3 61. Rxb3 axb3 62. Kg7 Be4 63. g6 Kb5 64. Bb2 Kc4 65. Kf7 Kd3 66. g7 Kc2 67. Be5 Bd5+ 68. Kf8 b2 69. Bxb2 1-0

[Event "11th LCC Super Blitz 2019"]
[Site "London"]
[Date "2019.12.08"]
[Round "9.6"]
[White "Pappelis, Dimitrios"]
[Black "Mortazavi, Ali"]
[Result "0-1"]
[ECO "A26"]
[WhiteElo "2160"]
[BlackElo "2333"]
[Annotator "NA"]
[PlyCount "89"]
[EventDate "2019.12.08"]
[EventType "swiss"]
[EventCountry "ENG"]
[SourceTitle "playchess.com"]
[Source "ChessBase"]
[SourceQuality "1"]
[TimeControl "180+2"]

1. c4 Nf6 2. Nc3 g6 3. g3 Bg7 4. Bg2 O-O 5. Nf3 d6 6. O-O e5 7. d3 h6 8. Rb1 Nc6 9. b4 Be6 10. b5 Ne7 11. a4 Qd7 12. Ba3 Bh3 13. Qc2 Bxg2 14. Kxg2 b6 15. Rfd1 Nh5 16. d4 exd4 17. Nxd4 Rae8 18. h3 Kh8 19. Nd5 Ng8 20. Bb2 f5 21. Nf3 Nhf6 22. Rd2 Ne4 23. Bxg7+ Qxg7 24. Rd4 g5 25. Rbd1 Rf7 26. Qb2 Nc5 27. R4d2 a5 28. bxa6 Nxa6 29. Qxg7+ Kxg7 30. e3 Nc5 31. Ra2 Ra8 32. Nd4 Nf6 33. Nxf5+ Kg6 34. Nfe7+ Kg7 35. Nf5+ Kh7 36. Nd4 Nfe4 37. f4 gxf4 38. exf4 Rg8 39. Ra3 c6 40. Nxc6 h5 41. Kh2 Rfg7 42. Rg1 Nd2 43. Nf6+ Kh8 44. Nxg8 Kxg8 45. Rc3 0-1

[Event "11th LCC Super Blitz 2019"]
[Site "London"]
[Date "2019.12.08"]
[Round "9.6"]
[White "Gudenas, Motiejus"]
[Black "Srivastava, Arnav"]
[Result "0-1"]
[ECO "C50"]
[WhiteElo "1993"]
[BlackElo "1728"]
[Annotator "NA"]
[PlyCount "59"]
[EventDate "2019.12.08"]
[EventType "swiss"]
[EventCountry "ENG"]
[SourceTitle "playchess.com"]
[Source "ChessBase"]
[SourceQuality "1"]
[TimeControl "180+2"]

1. e4 e5 2. Nf3 Nc6 3. d4 exd4 4. Bc4 d6 5. Nxd4 Nf6 6. Nc3 Be7 7. O-O O-O 8. Nxc6 bxc6 9. Bg5 h6 10. Bh4 Be6 11. Bb3 Qd7 12. Re1 Rad8 13. Qd4 d5 14. Qxa7 dxe4 15. Qe3 Bxb3 16. axb3 Nd5 17. Nxd5 cxd5 18. Bxe7 Qxe7 19. c3 Qe5 20. Ra4 f5 21. g3 g5 22. Ra6 Rd6 23. Rxd6 Qxd6 24. Qd4 Qf6 25. Qxd5+ Kg7 26. Qd7+ Rf7 27. Qd4 Qxd4 28. cxd4 Rd7 29. Rd1 c5 30. d5 0-1

[Event "11th LCC Super Blitz 2019"]
[Site "London"]
[Date "2019.12.08"]
[Round "9.6"]
[White "Iyengar, Ilya"]
[Black "Cox, John J"]
[Result "0-1"]
[ECO "A81"]
[WhiteElo "1984"]
[BlackElo "2346"]
[Annotator "NA"]
[PlyCount "98"]
[EventDate "2019.12.08"]
[EventType "swiss"]
[EventCountry "ENG"]
[SourceTitle "playchess.com"]
[Source "ChessBase"]
[SourceQuality "1"]
[TimeControl "180+2"]

1. d4 f5 2. g3 Nf6 3. Bg2 d6 4. Nf3 c6 5. c4 Qc7 6. O-O e5 7. dxe5 dxe5 8. b3 Be7 9. Bb2 Nbd7 10. Nc3 O-O 11. e4 f4 12. gxf4 exf4 13. Ng5 Ne5 14. f3 h6 15. Nh3 g5 16. Nf2 Be6 17. Qe2 Rad8 18. Rfd1 Bc5 19. Kf1 g4 20. Nd3 gxf3 21. Bxf3 Bh3+ 22. Ke1 Nxf3+ 23. Qxf3 Bg4 24. Qg2 Bd4 25. Nf2 f3 26. Qg3 Be5 27. Qh4 h5 28. Nb5 cxb5 29. Qg5+ Qg7 30. Qxg7+ Kxg7 31. Bxe5 Rde8 32. Bxf6+ Kxf6 33. cxb5 Re7 34. Rd6+ Ke5 35. Rad1 Be6 36. R1d3 Rff7 37. Kd2 Kf4 38. Nd1 Rg7 39. Kc3 Rg2 40. Rd2 Re8 41. R6d4 Rxd2 42. Rxd2 Rg8 43. Kd3 Rg2 44. Rf2 Bd7 45. a4 Be6 46. a5 Bxb3 47. b6 axb6 48. axb6 Bxd1 49. Rf1 Be2+ 0-1

[Event "11th LCC Super Blitz 2019"]
[Site "London"]
[Date "2019.12.08"]
[Round "9.7"]
[White "Stoyanov, Viktor"]
[Black "Tombolis, Christopher"]
[Result "1-0"]
[ECO "B31"]
[WhiteElo "2191"]
[BlackElo "1655"]
[Annotator "NA"]
[PlyCount "91"]
[EventDate "2019.12.08"]
[EventType "swiss"]
[EventCountry "ENG"]
[SourceTitle "playchess.com"]
[Source "ChessBase"]
[SourceQuality "1"]
[TimeControl "180+2"]

1. e4 c5 2. Nf3 Nc6 3. Bb5 g6 4. O-O Bg7 5. Nc3 d6 6. Bxc6+ bxc6 7. d3 e5 8. Be3 Nf6 9. h3 Nd7 10. a3 Nf8 11. Nd2 Ba6 12. Nc4 Bxc4 13. dxc4 Ne6 14. Qd2 O-O 15. Rad1 Nd4 16. Ne2 Qb6 17. c3 Nxe2+ 18. Qxe2 Rfd8 19. b4 Qa6 20. bxc5 Qxa3 21. cxd6 Rxd6 22. Rxd6 Qxd6 23. Rd1 Qe6 24. c5 Bf8 25. Qa6 Qb3 26. Rd7 Qb1+ 27. Kh2 Qxe4 28. Qb7 Qf5 29. Rc7 Rd8 30. Qxc6 a5 31. g4 Qd3 32. Qf6 Qd5 33. Rxf7 Qxf7 34. Qxd8 a4 35. Qa8 Qc4 36. c6 Kg7 37. Qb7+ Kf6 38. c7 Bd6 39. c8=Q e4+ 40. Kg2 Qe2 41. Qxe4 Qd1 42. Bd4+ Kg5 43. Be3+ Kh4 44. g5+ Bf4 45. Qxf4+ Qg4+ 46. Qcxg4# 1-0

[Event "11th LCC Super Blitz 2019"]
[Site "London"]
[Date "2019.12.08"]
[Round "9.7"]
[White "Dhemrait, Jagdeep"]
[Black "Brass, Ezra"]
[Result "0-1"]
[ECO "B23"]
[WhiteElo "1834"]
[BlackElo "1628"]
[Annotator "NA"]
[PlyCount "52"]
[EventDate "2019.12.08"]
[EventType "swiss"]
[EventCountry "ENG"]
[SourceTitle "playchess.com"]
[Source "ChessBase"]
[SourceQuality "1"]
[TimeControl "180+2"]

1. e4 c5 2. Nc3 Nc6 3. f4 g6 4. Nf3 Bg7 5. Bb5 e6 6. Bxc6 dxc6 7. O-O Ne7 8. d3 b5 9. a4 b4 10. Ne2 Ba6 11. Nd2 O-O 12. Rb1 Rb8 13. b3 f5 14. Kh1 fxe4 15. Nxe4 Qd5 16. Qe1 Nf5 17. Bb2 Bxb2 18. Rxb2 Nd4 19. Nd2 Rf5 20. Ng3 Rff8 21. Nge4 Qh5 22. Qe3 Rbd8 23. Nf3 Qd5 24. Ne5 Qxe5 25. Re1 Qh5 26. Ng3 Qd5 0-1

[Event "11th LCC Super Blitz 2019"]
[Site "London"]
[Date "2019.12.08"]
[Round "9.7"]
[White "Ismail, Mohammed Aayan"]
[Black "Royal, Shreyas"]
[Result "0-1"]
[ECO "E20"]
[WhiteElo "1641"]
[BlackElo "1941"]
[Annotator "NA"]
[PlyCount "64"]
[EventDate "2019.12.08"]
[EventType "swiss"]
[EventCountry "ENG"]
[SourceTitle "playchess.com"]
[Source "ChessBase"]
[SourceQuality "1"]
[TimeControl "180+2"]

1. d4 d5 2. c4 e6 3. g3 Nf6 4. Nc3 Bb4 5. cxd5 exd5 6. Bg2 O-O 7. Nf3 Nbd7 8. O-O c6 9. a3 Bxc3 10. bxc3 Nb6 11. Ne5 Bf5 12. Qb3 Re8 13. a4 Nfd7 14. a5 Nxe5 15. axb6 Nc4 16. bxa7 Na5 17. Qb4 Rxa7 18. Be3 Ra8 19. Ra2 Nc4 20. Rfa1 Rxa2 21. Rxa2 Nxe3 22. fxe3 Qd7 23. Ra7 Rb8 24. Qb6 h6 25. Bf3 Qe7 26. Kf2 Re8 27. Qxb7 Qxe3+ 28. Kg2 Qe6 29. Qb2 Bh3+ 30. Kf2 Qe3+ 31. Ke1 Qxf3 32. Kd1 Qf1+ 0-1

[Event "11th LCC Super Blitz 2019"]
[Site "London"]
[Date "2019.12.08"]
[Round "9.8"]
[White "Balaji, Aaravamudhan"]
[Black "Sheikh, Anum"]
[Result "1-0"]
[ECO "A86"]
[WhiteElo "2120"]
[BlackElo "1560"]
[Annotator "NA"]
[PlyCount "99"]
[EventDate "2019.12.08"]
[EventType "swiss"]
[EventCountry "ENG"]
[SourceTitle "playchess.com"]
[Source "ChessBase"]
[SourceQuality "1"]
[TimeControl "180+2"]

1. d4 f5 2. c4 Nf6 3. g3 d6 4. Bg2 g6 5. Nh3 Bg7 6. O-O O-O 7. Nc3 Nbd7 8. f4 e5 9. fxe5 dxe5 10. Ng5 Qe8 11. Nb5 Rb8 12. Nxc7 Qe7 13. Nge6 Rf7 14. d5 Ne8 15. Nxe8 Qxe8 16. Nc7 Qd8 17. d6 Nf6 18. Bg5 Rd7 19. c5 Rxc7 20. dxc7 Qxc7 21. Qd6 Qxd6 22. cxd6 Bd7 23. Rac1 e4 24. Rc7 Bc6 25. Bxf6 Bxf6 26. d7 Rd8 27. Rd1 Kf7 28. Rc8 Ke7 29. Rxd8 Kxd8 30. e3 Bxd7 31. Bf1 Ke7 32. b3 Bc6 33. Kf2 Be5 34. b4 a6 35. Rb1 b5 36. Rc1 Kd7 37. Be2 Bb2 38. Rb1 Bc3 39. g4 Be5 40. gxf5 gxf5 41. h4 Ke6 42. Rc1 Bd5 43. Rc2 Kd6 44. a3 Bf7 45. Rc8 Bg6 46. h5 Bf7 47. Ra8 Bd5 48. Rxa6+ Kc7 49. Bxb5 Bb7 50. Rh6 1-0